MID
SOUTH BEND CUBS @ DAYTON DRAGONS
07/02/2048
 
TOP OF THE 1ST
South Bend Cubs batting - Pitching for Dayton Dragons : LHP Josue Silva
Pitching: LHP Josue Silva
Batting: RHB Puluke Konane 0-0: Called Strike
0-1: Called Strike
0-2: Ball
1-2: Strikes out looking
Batting: LHB Kwang-chih Men 0-0: Ball
1-0: Ball
2-0: Foul Ball, location: 2F
2-1: Foul Ball, location: 2F
2-2: Strikes out looking
Batting: RHB Taylor Garofalo 0-0: SINGLE (Flyball, 4D, EV 87.5 MPH)
Batting: RHB Roy Battist 0-0: Called Strike
0-1: Ball
1-1: Swinging Strike
1-2: Ball
2-2: Ball
3-2: Strikes out swinging
Top of the 1st over - 0 runs, 1 hit, 0 errors, 1 left on base; South Bend 0 - Dayton 0
BOTTOM OF THE 1ST
Dayton Dragons batting - Pitching for South Bend Cubs : RHP Anastagio Fasola
Pitching: RHP Anastagio Fasola
Batting: LHB Matt Kennedy 0-0: Ball
1-0: SINGLE (Line Drive, 89S, EV 86.2 MPH)
Batting: LHB Leo Gomez 0-0: Called Strike
0-1: Ball
1-1: Foul Ball, location: 2F
1-2: Ball
2-2: Fly out, F7 (Flyball, 7S, EV 78.1 MPH)
Batting: RHB Andy Bachman 0-0: Ball
1-0: Foul Ball, location: 2F
1-1: Called Strike
1-2: Fly out, F4 (Popup, 34, EV 60.6 MPH)
Batting: LHB Chris Redhead 0-0: Called Strike
0-1: Ball
1-1: Fly out, F7 (Flyball, 78S, EV 91.2 MPH)
Bottom of the 1st over - 0 runs, 1 hit, 0 errors, 1 left on base; South Bend 0 - Dayton 0
TOP OF THE 2ND
South Bend Cubs batting - Pitching for Dayton Dragons : LHP Josue Silva
Batting: RHB Han-seung Hah 0-0: Called Strike
0-1: Ball
1-1: Ball
2-1: Foul Ball, location: 2LF, Error on foul ball, E2
2-2: Foul Ball, location: 2F
2-2: Foul Ball, location: 2F
2-2: Ball
3-2: Strikes out looking
Batting: RHB Juan Bonilla 0-0: Ball
1-0: Foul Ball, location: 2F
1-1: Ball
2-1: Ball
3-1: SINGLE (Groundball, 4MD, EV 100.0 MPH)
Batting: RHB Dylan Burke 0-0: Ball
1-0: Ball
2-0: Grounds into double play, 6-4-3 (Groundball, 6, EV 78.8 MPH)
Top of the 2nd over - 0 runs, 1 hit, 1 error, 0 left on base; South Bend 0 - Dayton 0
BOTTOM OF THE 2ND
Dayton Dragons batting - Pitching for South Bend Cubs : RHP Anastagio Fasola
Batting: RHB Chris Zamora 0-0: SINGLE (Line Drive, 3D, EV 98.8 MPH)
Batting: LHB Ray Walden 0-0: Called Strike
0-1: Called Strike
0-2: Foul Ball, location: 2F
0-2: Ball
1-2: Foul Ball, location: 2F
1-2: Strikes out swinging
Batting: RHB Juan Zamora 0-0: Ball
1-0: Ball
2-0: Called Strike
2-1: Foul Ball, location: 2F
2-2: Foul Ball, location: 2F
2-2: Fielders Choice at 2nd, 6-4 (Groundball, 56, EV 85.0 MPH)
Batting: LHB Jeremy Robertson 0-0: Ball
1-0: Swinging Strike
1-1: Swinging Strike
1-2: Ground out 4-3 (Groundball, 34S, EV 83.8 MPH)
Bottom of the 2nd over - 0 runs, 1 hit, 0 errors, 1 left on base; South Bend 0 - Dayton 0
TOP OF THE 3RD
South Bend Cubs batting - Pitching for Dayton Dragons : LHP Josue Silva
Batting: RHB Hugo Torrez 0-0: Called Strike
0-1: Ball
1-1: Called Strike
1-2: SINGLE (Groundball, 4M, EV 98.8 MPH) (infield hit)
Batting: RHB Ryan Bush 0-0: Fly out, F7 (Flyball, 7S, EV 83.8 MPH)
Batting: RHB Puluke Konane 0-0: Ball
1-0: SINGLE (Groundball, 6M, EV 106.2 MPH) (infield hit)
Hugo Torrez to second
Batting: LHB Kwang-chih Men 0-0: Ball
1-0: Ball
2-0: Ball
3-0: Called Strike
3-1: Called Strike
3-2: Strikes out swinging
Batting: RHB Taylor Garofalo 0-0: Called Strike
0-1: Ball
1-1: 3-RUN HOME RUN (Flyball, 7LD, EV 97.5 MPH), Distance : 365 ft
Batting: RHB Roy Battist 0-0: Ball
1-0: Ball
2-0: Swinging Strike
2-1: Called Strike
2-2: Strikes out swinging
Top of the 3rd over - 3 runs, 3 hits, 0 errors, 0 left on base; South Bend 3 - Dayton 0
BOTTOM OF THE 3RD
Dayton Dragons batting - Pitching for South Bend Cubs : RHP Anastagio Fasola
Batting: RHB Aaron Barraza 0-0: Ball
1-0: Ground out 1-3 (Groundball, P, EV 65.6 MPH)
Batting: LHB Matt Kennedy 0-0: Foul Ball, location: 2F
0-1: Foul Ball, location: 2F
0-2: Ground out 4-3 (Groundball, 34, EV 105.6 MPH)
Batting: LHB Leo Gomez 0-0: Fly out, F5 (Line Drive, 5L, EV 75.6 MPH)
Bottom of the 3rd over - 0 runs, 0 hits, 0 errors, 0 left on base; South Bend 3 - Dayton 0
TOP OF THE 4TH
South Bend Cubs batting - Pitching for Dayton Dragons : LHP Josue Silva
Batting: RHB Han-seung Hah 0-0: Ball
1-0: Ball
2-0: Ball
3-0: Called Strike
3-1: Base on Balls
Batting: RHB Juan Bonilla 0-0: Ball
1-0: Foul Ball, location: 2F
1-1: Called Strike
1-2: Ball
2-2: DOUBLE (Line Drive, 7LM, EV 111.2 MPH)
Han-seung Hah to third
Runner from 3rd tries for Home, SAFE, throw by LF to home
Batting: RHB Dylan Burke 0-0: Fly out, F9 (Flyball, 9, EV 98.8 MPH)
Batting: RHB Hugo Torrez 0-0: Called Strike
0-1: Ball
1-1: Foul Ball, location: 2F
1-2: Ball
2-2: SINGLE (Groundball, 6D, EV 95.0 MPH)
Juan Bonilla to third
Batting: RHB Ryan Bush 0-0: Swinging Strike
0-1: Called Strike
Hugo Torrez is caught stealing 2nd base 2-4
0-2: SINGLE (Groundball, 5S, EV 67.5 MPH) (infield hit)
Juan Bonilla scores
Pitching: RHP Aaron McArdle
Batting: RHB Puluke Konane 0-0: Called Strike
0-1: Fielders Choice at 2nd, 5-4 (Groundball, 56, EV 100.0 MPH)
Top of the 4th over - 2 runs, 3 hits, 0 errors, 1 left on base; South Bend 5 - Dayton 0
BOTTOM OF THE 4TH
Dayton Dragons batting - Pitching for South Bend Cubs : RHP Anastagio Fasola
Batting: RHB Andy Bachman 0-0: Ball
1-0: Ball
2-0: Called Strike
2-1: Foul Ball, location: 2F
2-2: Strikes out looking
Batting: LHB Chris Redhead 0-0: Ball
1-0: Ball
2-0: Swinging Strike
2-1: Ball
3-1: Foul Ball, location: 2F
3-2: Foul Ball, location: 2F
3-2: Ground out 4-3 (Groundball, 34, EV 88.1 MPH)
Batting: RHB Chris Zamora 0-0: Foul Ball, location: 2F
0-1: Ball
1-1: Ball
2-1: Foul Ball, location: 2F
2-2: Foul Ball, location: 2F
2-2: Ground out 4-3 (Groundball, 4, EV 82.5 MPH)
Bottom of the 4th over - 0 runs, 0 hits, 0 errors, 0 left on base; South Bend 5 - Dayton 0
TOP OF THE 5TH
South Bend Cubs batting - Pitching for Dayton Dragons : RHP Aaron McArdle
Batting: LHB Kwang-chih Men 0-0: Called Strike
0-1: Swinging Strike
0-2: Ball
1-2: Strikes out swinging
Batting: RHB Taylor Garofalo 0-0: Ball
1-0: Foul Ball, location: 2F
1-1: Foul Ball, location: 2F
1-2: Foul Ball, location: 2F
1-2: Ball
2-2: Ball
3-2: Foul Ball, location: 2F
3-2: Foul Ball, location: 2F
3-2: Fly out, F9 (Flyball, 9, EV 86.2 MPH)
Batting: RHB Roy Battist 0-0: Called Strike
0-1: Ball
1-1: SINGLE (Line Drive, 34, EV 98.8 MPH)
Batting: RHB Han-seung Hah 0-0: Foul Ball, location: 2F
0-1: Foul Ball, location: 2F
0-2: Ground out 5-3 (Groundball, 5L, EV 90.0 MPH)
Top of the 5th over - 0 runs, 1 hit, 0 errors, 1 left on base; South Bend 5 - Dayton 0
BOTTOM OF THE 5TH
Dayton Dragons batting - Pitching for South Bend Cubs : RHP Anastagio Fasola
Batting: LHB Ray Walden 0-0: Ball
1-0: Ball
2-0: Ground out 2-3 (Groundball, 2L, EV 63.8 MPH)
Batting: RHB Juan Zamora 0-0: Ball
1-0: DOUBLE (Flyball, 8RXD, EV 109.4 MPH)
Batting: LHB Jeremy Robertson 0-0: Ball
Juan Zamora steals 3rd base
1-0: Called Strike
1-1: Ground out 4-3 (Groundball, 4, EV 82.5 MPH)
Juan Zamora scores
Batting: RHB Aaron Barraza 0-0: Foul Ball, location: 2F
0-1: Swinging Strike
0-2: Ball
1-2: Foul Ball, location: 2F
1-2: Ball
2-2: Strikes out swinging
Bottom of the 5th over - 1 run, 1 hit, 0 errors, 0 left on base; South Bend 5 - Dayton 1
TOP OF THE 6TH
South Bend Cubs batting - Pitching for Dayton Dragons : RHP Aaron McArdle
Batting: RHB Juan Bonilla 0-0: Ball
1-0: Ball
2-0: Called Strike
2-1: Ground out 4-3 (Groundball, 4, EV 104.4 MPH)
Batting: RHB Dylan Burke 0-0: Foul Ball, location: 2F
0-1: Ball
1-1: Fly out, F7 (Flyball, 78M, EV 90.0 MPH)
Batting: RHB Hugo Torrez 0-0: Fly out, F8 (Flyball, 8RD, EV 98.8 MPH)
Top of the 6th over - 0 runs, 0 hits, 0 errors, 0 left on base; South Bend 5 - Dayton 1
BOTTOM OF THE 6TH
Dayton Dragons batting - Pitching for South Bend Cubs : RHP Anastagio Fasola
Batting: LHB Matt Kennedy 0-0: Fly out, F9 (Flyball, 9S, EV 83.1 MPH)
Batting: LHB Leo Gomez 0-0: Called Strike
0-1: Ball
1-1: Ball
2-1: Ball
3-1: Fly out, F8 (Flyball, 8RS, EV 80.6 MPH)
Batting: RHB Andy Bachman 0-0: Ball
1-0: Called Strike
1-1: Fly out, F8 (Flyball, 8RM, EV 95.6 MPH)
Bottom of the 6th over - 0 runs, 0 hits, 0 errors, 0 left on base; South Bend 5 - Dayton 1
TOP OF THE 7TH
South Bend Cubs batting - Pitching for Dayton Dragons : RHP Aaron McArdle
Pitching: RHP Jalen Patterson
Batting: RHB Ryan Bush 0-0: Ball
1-0: Ball
2-0: Fly out, F9 (Flyball, 9S, EV 86.9 MPH)
Batting: RHB Puluke Konane 0-0: Ball
1-0: Ball
2-0: Fly out, F4 (Popup, 3DF, EV 51.2 MPH)
Batting: LHB Kwang-chih Men 0-0: Ball
1-0: Ground out 4-3 (Groundball, 4, EV 82.5 MPH)
Top of the 7th over - 0 runs, 0 hits, 0 errors, 0 left on base; South Bend 5 - Dayton 1
BOTTOM OF THE 7TH
Dayton Dragons batting - Pitching for South Bend Cubs : RHP Anastagio Fasola
Pitching: LHP Tom Mooney
Now at 1B: Kwang-chih Men
Now at 2B: Ryan Bush
Now at 3B: Hiroki Yamamoto
Batting: LHB Chris Redhead 0-0: Ball
1-0: Swinging Strike
1-1: Ground out 4-3 (Groundball, 34, EV 101.2 MPH)
Batting: RHB Chris Zamora 0-0: Ball
1-0: Swinging Strike
1-1: Ball
2-1: Ground out 6-3 (Groundball, 56, EV 89.4 MPH)
Pinch Hitting: RHB Mark Williams 0-0: Ball
1-0: Ball
2-0: Ball
3-0: Base on Balls
Batting: RHB Juan Zamora 0-0: Foul Ball, location: 2F
0-1: Called Strike
0-2: Fly out, F8 (Flyball, 78M, EV 92.5 MPH)
Bottom of the 7th over - 0 runs, 0 hits, 0 errors, 1 left on base; South Bend 5 - Dayton 1
TOP OF THE 8TH
South Bend Cubs batting - Pitching for Dayton Dragons : RHP Jalen Patterson
Now at 1B: Mark Williams
Batting: RHB Taylor Garofalo 0-0: SINGLE (Groundball, 4, EV 98.1 MPH)
Batting: RHB Roy Battist 0-0: Ball
1-0: Grounds into double play, 4-6-3 (Groundball, 4, EV 88.1 MPH)
Batting: RHB Han-seung Hah 0-0: Called Strike
0-1: Ball
1-1: Ball
2-1: Foul Ball, location: 2F
2-2: Strikes out looking
Top of the 8th over - 0 runs, 1 hit, 0 errors, 0 left on base; South Bend 5 - Dayton 1
BOTTOM OF THE 8TH
Dayton Dragons batting - Pitching for South Bend Cubs : LHP Tom Mooney
Batting: LHB Jeremy Robertson 0-0: Ball
1-0: Called Strike
1-1: Ground out 4-3 (Groundball, 4, EV 88.1 MPH)
Batting: RHB Aaron Barraza 0-0: Foul Ball, location: 2F
0-1: Ground out 4-3 (Groundball, 34, EV 80.6 MPH)
Batting: LHB Matt Kennedy 0-0: Called Strike
0-1: Ball
1-1: Ball
2-1: Ball
3-1: Called Strike
3-2: DOUBLE (Line Drive, 3D, EV 99.4 MPH)
Batting: LHB Leo Gomez 0-0: Called Strike
0-1: Ball
1-1: Called Strike
1-2: Strikes out looking
Bottom of the 8th over - 0 runs, 1 hit, 0 errors, 1 left on base; South Bend 5 - Dayton 1
TOP OF THE 9TH
South Bend Cubs batting - Pitching for Dayton Dragons : RHP Jalen Patterson
Batting: LHB Hiroki Yamamoto 0-0: Ball
1-0: Swinging Strike
1-1: Ball
2-1: Ball
3-1: Foul Ball, location: 2F
3-2: Foul Ball, location: 2F
3-2: Strikes out swinging
Batting: RHB Dylan Burke 0-0: Foul Ball, location: 2F
0-1: Foul Ball, location: 2F
0-2: Strikes out swinging
Batting: RHB Hugo Torrez 0-0: Called Strike
0-1: Ball
1-1: Ball
2-1: SINGLE (Groundball, 6MD, EV 105.0 MPH)
Batting: RHB Ryan Bush 0-0: Called Strike
Hugo Torrez steals 2nd base
0-1: Foul Ball, location: 2F
0-2: Ball
1-2: Foul Ball, location: 2F
1-2: Ball
2-2: SINGLE (Groundball, 6MD, EV 103.1 MPH)
Hugo Torrez to third
Batting: RHB Puluke Konane 0-0: Called Strike
0-1: Ground out 6-3 (Groundball, 6M, EV 85.6 MPH)
Top of the 9th over - 0 runs, 2 hits, 0 errors, 2 left on base; South Bend 5 - Dayton 1
BOTTOM OF THE 9TH
Dayton Dragons batting - Pitching for South Bend Cubs : LHP Tom Mooney
Pitching: RHP Eric Allen
Batting: RHB Andy Bachman 0-0: Fly out, F8 (Flyball, 8RM, EV 87.5 MPH)
Batting: LHB Chris Redhead 0-0: Ball
1-0: Foul Ball, location: 2F
1-1: Foul Ball, location: 2F
1-2: Ball
2-2: Ball
3-2: Foul Ball, location: 2F
3-2: Base on Balls
Batting: RHB Chris Zamora 0-0: Ball
1-0: Ball
2-0: Ball
3-0: Base on Balls
Chris Redhead to second
Pitching: RHP Jose Mata
Batting: RHB Mark Williams 0-0: Ball
1-0: Foul Ball, location: 2F
1-1: Foul Ball, location: 2F
1-2: Ball
2-2: Foul Ball, location: 2F
2-2: Strikes out swinging
Batting: RHB Juan Zamora 0-0: Called Strike
0-1: Ball
1-1: Foul Ball, location: 2F
1-2: Foul Ball, location: 2F
1-2: Ball
2-2: Fly out, F9 (Flyball, 9S, EV 90.0 MPH)
Bottom of the 9th over - 0 runs, 0 hits, 0 errors, 2 left on base; South Bend 5 - Dayton 1
Tuesday, March 28th , 2023 - OOTP Baseball 23.10 Build 110